 Dungeon Crawl Stone Soup version 0.29-a0-283-ga02f740833 (webtiles) character file.

Game seed: 1088117283181448826

95 kae the Slasher (level 4, -1/37 HPs)
             Began as a Merfolk Abyssal Knight on Mar 13, 2022.
             Was a Believer of Lugonu.
             Slain by Natasha (7 damage)
             ... on level 2 of the Dungeon.
             The game lasted 00:01:04 (2474 turns).

kae the Slasher (Merfolk Abyssal Knight)            Turns: 2474, Time: 00:01:04

Health: -1/37      AC:  3    Str: 13    XL:     4   Next: 65%
Magic:  6/6        EV: 13    Int:  9    God:    Lugonu [**....]
Gold:   74         SH:  0    Dex: 16    Spells: 3/3 levels left

rFire   . . .      SeeInvis .   a - +1 falchion
rCold   . . .      Faith    .   (no shield)
rNeg    . . .      Spirit   .   b - +0 leather armour
rPois   .          Reflect  .   (no helmet)
rElec   .          Harm     .   (no cloak)
rCorr   .          Rampage  .   (no gloves)
Will    .....                   (no boots)
Stlth   +.........              (no amulet)
HPRegen 0.12/turn               (no ring)
MPRegen 0.10/turn               (no ring)

@: slowed, very slow
A: (nimble swimmer 2), mertail
a: Renounce Religion, Depart the Abyss, Bend Space


You were on level 2 of the Dungeon.
You worshipped Lugonu.
Lugonu was pleased with you.
You visited 1 branch of the dungeon, and saw 2 of its levels.
You visited the Abyss 1 time.

You collected 74 gold pieces.

Inventory:

Hand Weapons
 a - a +1 falchion (weapon)
Armour
 b - a +0 leather armour (worn)
Jewellery
 k - a ring of protection from fire
Scrolls
 c - a scroll of magic mapping
 g - 2 scrolls of teleportation {unknown}
 h - a scroll of silence {unknown}
 l - a scroll of identify
Potions
 d - a potion of attraction {unknown}
 f - a potion of brilliance {unknown}
 i - a potion of curing {unknown}
 j - a potion of haste {unknown}


   Skills:
 + Level 3.9 Fighting
 * Level 4.0 Long Blades
 - Level 0.6 Armour
 + Level 3.6 Dodging
 + Level 2.8 Invocations


You had 3 spell levels left.
You didn't know any spells.
Your spell library contained the following spells:

 Spells                   Type           Power      Damage    Failure   Level
 Blink                    Tloc           0%         N/A       61%         2
 Manifold Assault         Tloc           0%         N/A       100%        5
 Storm Form               Tmut/Air       0%         N/A       100%        7


Dungeon Overview and Level Annotations

Branches:
Dungeon (2/15)

Altars:
Vehumet

Annotations:
D:2 Natasha


Innate Abilities, Weirdness & Mutations

((You are very nimble when in or above water. (Stealth+, EV+, Speed+++)))
Your lower body shifts to a powerful aquatic tail in water.


Message History

HP restored.
Key pressed, stopping explore.
You see here 22 stones.
You see here a +0 spear.
You see here a +0 dagger.
You see here a +0 dagger.
There is a radiant altar of Vehumet here.
Key pressed, stopping explore.
You see here 15 stones.
You see here a +0 club.
There is a stone staircase leading down here.
Key pressed, stopping explore.
There is a stone staircase leading down here.
Natasha, Servant of Life and Death comes into view.
Natasha is nearby!
Natasha is nearby!
Natasha drinks a potion.
Natasha flickers and vanishes!
Deactivating autopickup; reactivate with Ctrl-A.
No target in view!
No target in view!
No target in view!
No target in view!
No target in view!
No target in view!
No target in view!
You closely miss something. Something claws you.
You closely miss something.
You hear some strange, mumbled words.
You feel yourself slow down.
You closely miss something. Something claws you. Something claws you!
You hit something. Something claws you! Something claws you but does no damage.
You barely miss something. Something claws you.
You miss something. Something claws you but does no damage.
Something claws you.
* * * LOW HITPOINT WARNING * * *
You completely miss something. Something barely misses you.
Something claws you.
* * * LOW HITPOINT WARNING * * *
You hit something. Something claws you!
You die...

.#######.# ####.# #.#
*,*,<*
.#######.###....###.#####
*,*,**
..........##.##...>.....#
*,*,*
.######...##.##.##..###.#
*,*,* .# #.###♣.♣####..#
*,***,*,* .#
#...#P.P#.....# *,,,,,*,*
.#
#####♣.♣####.######****,*
.# #P.P##..........,,,,*
.# #♣.♣##@#.#######*****
.# #P.P##{#.# ,*
#8.8#..#.#
,*********#P.P#..#.#
,,,,,,,,..#♣.♣#..#.#
********#.#P.P##.#.#
#.#♣.♣##...# #.#P.P##..)*
#.#♣.♣#**,,*


There were no monsters in sight!

Vanquished Creatures
  Natasha (twice) (D:2)
  2 adders (D:2)
  A dart slug (D:2)
  2 bats
  An endoplasm (D:1)
  4 goblins
  5 hobgoblins
  3 kobolds
  A quokka (D:2)
  2 frilled lizards
  A rat (D:2)
24 creatures vanquished.

Notes
Turn   | Place    | Note
-------+----------+-------------------------------------------
     0 | Abyss:1  | kae the Merfolk Abyssal Knight began the quest for the Orb.
     0 | Abyss:1  | Reached XP level 1. HP: 18/18 MP: 2/2
    29 | Abyss:1  | Found a corrupted altar of Lugonu.
   125 | D:1      | Escaped the Abyss
   909 | D:1      | Reached XP level 2. HP: 24/24 MP: 3/3
  1020 | D:2      | Found a radiant altar of Vehumet.
  1088 | D:2      | Reached skill level 3 in Long Blades
  1194 | D:2      | Reached ** piety under Lugonu
  1280 | D:2      | Reached XP level 3. HP: 29/29 MP: 4/4
  1349 | D:2      | Noticed Natasha
  1359 | D:2      | Killed Natasha
  1533 | D:2      | Reached XP level 4. HP: 37/37 MP: 5/5
  1973 | D:2      | Found a radiant altar of Vehumet.
  1976 | D:2      | Noticed Natasha
  1997 | D:2      | Killed Natasha
  1998 | D:2      | Reached skill level 4 in Long Blades
  2464 | D:2      | Noticed Natasha
  2474 | D:2      | Slain by Natasha

Illustrated notes

Levels and vault maps discovered:
D:1:      dpeg_arrival_renting, layout_basic
D:2:      layout_basic, basic_altar, dreamdust_princess_corridor, uniq_natasha

Skill      XL: |  1  2  3  4 |
---------------+-------------+-----
Long Blades    | 3 4 |  4.0
Dodging        | 3 |  3.6
Fighting       | |  3.9
Armour         | |  0.6
Invocations    | |  2.8

Action                   |  1- 3 |  4- 6 || total
-------------------------+-------+-------++-------
Melee: Falchion          |    54 |    42 ||    96
Invok: Depart the Abyss  |     1 |       ||     1
  Use: Scroll            |     5 |       ||     5
       Potion            |       |     1 ||     1
 Stab: Sleeping          |       |     1 ||     1
Armor: Leather armour    |     8 |    10 ||    18
Dodge: Dodged            |    39 |    24 ||    63

Table legend: (Time is in decaauts)
 A = Elapsed time spent in this place.
 B = Non-inter-level travel time spent in this place.
 C = Inter-level travel time spent in this place.
 D = Time resting spent in this place.
 E = Time spent auto-exploring this place.
 F = Levels seen in this place.
 G = Mean time per level.
                   A        B        C        D        E       F      G
               +--------+--------+--------+--------+--------+-----+--------+
         Total |   2510 |   2469 |     41 |    187 |   2004 |   3 |  836.7 |
       Dungeon |   2386 |   2345 |     41 |    187 |   1882 |   2 | 1193.0 |
         Abyss |    124 |    124 |      0 |      0 |    122 |   1 |  124.0 |
               +--------+--------+--------+--------+--------+-----+--------+

Top non-repeatable levels by time:
     D:2: 1500 daAuts
     D:1: 885 daAuts
 Abyss:1: 124 daAuts
